 Dungeon Crawl Stone Soup version 0.23-a0-681-g26ad783 (webtiles) character file.

14 mhoghedin the Sneak (level 2, 0/18 HPs)
             Began as a Kobold Assassin on Jan 11, 2019.
             Succumbed to an adder's poison
             ... on level 2 of the Dungeon.
             The game lasted 00:01:39 (1135 turns).

mhoghedin the Sneak (Kobold Assassin)               Turns: 1135, Time: 00:01:39

Health: 0/18       AC:  3    Str:  7 (8)  XL:     2   Next: 55%
Magic:  2/2        EV: 14    Int: 10 (12) God:
Gold:   79         SH:  0    Dex: 15 (16) Spells: 1/1 levels left

rFire    . . .     SeeInvis .   b - +0 blowgun
rCold    . . .     Gourm    .   (shield restricted)
rNeg     . . .     Faith    .   c - +0 robe
rPois    .         Spirit   .   (no helmet)
rElec    .         Reflect  .   d - +0 cloak
rCorr    .         Harm     .   (no gloves)
MR       .....                  (no boots)
Stlth    +++.......             (no amulet)
HPRegen  0.06/turn              (no ring)
MPRegen  0.08/turn              (no ring)

@: lethally poisoned (0 -> -8)
A: small, carnivore
a: no special abilities


You were on level 2 of the Dungeon.
You were hungry.

You visited 1 branch of the dungeon, and saw 2 of its levels.

You collected 79 gold pieces.

Inventory:

Hand Weapons
 a - a +2 dagger
 b - a +0 blowgun (weapon)
Missiles
 e - 18 poisoned needles (quivered)
Armour
 c - a +0 robe (worn)
 d - a +0 cloak (worn)
Scrolls
 k - 2 scrolls of remove curse
 n - a scroll of teleportation
Comestibles
 g - 6 rations


   Skills:
 + Level 2.4 Fighting
 + Level 3.0 Short Blades
 + Level 2.4 Throwing
 + Level 1.6 Dodging
 + Level 5.5 Stealth


You had one spell level left.
You didn't know any spells.
Your spell library was empty.

Dungeon Overview and Level Annotations

Branches:
Dungeon (2/15)

Altars:


Innate Abilities, Weirdness & Mutations

You are small and have problems with some larger weapons.
You are carnivorous and can eat meat at any time.


Message History

You take 3 damage, and have 15/18 hp.
You closely miss the hobgoblin. The hobgoblin closely misses you.
You closely miss the hobgoblin. The hobgoblin hits you.
You take 4 damage, and have 11/18 hp.
MASSIVE DAMAGE!!
You closely miss the hobgoblin.
The hobgoblin hits you but does no damage.
You hit the hobgoblin. The hobgoblin misses you.
You hit the hobgoblin. You barely miss the hobgoblin.
The hobgoblin barely misses you.
You hit the hobgoblin but do no damage. The hobgoblin barely misses you.
You hit the hobgoblin.
You kill the hobgoblin!
You start resting.
You are feeling hungry.
You regained 5 hp, and now have 17/18 hp.
An adder comes into view.
Health restored: 18 An adder is nearby!
An adder is nearby!
Unknown command.
b - a +0 blowgun (weapon)
Firing (i - inventory. (/) - cycle)
e - 27 poisoned needles (quivered)
Aim: an adder You shoot a poisoned needle.
The poisoned needle hits the adder.
The adder is poisoned.
The adder bites you.
You take 3 damage, and have 15/18 hp.
Firing (i - inventory. (/) - cycle)
e - 26 poisoned needles (quivered)
Aim: an adder (heavily wounded, poisoned)
You shoot a poisoned needle.
The poisoned needle closely misses the adder.
The adder bites you.
You take 5 damage, and have 10/18 hp.
MASSIVE DAMAGE!!
Unknown command.
The adder looks more healthy.
Quiver which item? (- for none, * to show all) (? for menu, Esc to quit)
Quivering
f - 2 curare-tipped needles for blowguns.
Firing (i - inventory. (/) - cycle)
f - 2 curare-tipped needles (quivered)
Aim: an adder (heavily wounded)
You shoot a curare-tipped needle.
The curare-tipped needle misses the adder.
The adder closely misses you.
Firing (i - inventory. (/) - cycle)
f - a curare-tipped needle (quivered)
Aim: an adder (heavily wounded)
You shoot a curare-tipped needle.
The curare-tipped needle closely misses the adder.
The adder bites you.
You are poisoned.
The adder poisons you!
You take 1 damage, and have 10/18 hp.
Unknown command.
Unknown command.
Firing (i - inventory)
e - 25 poisoned needles (quivered)
Aim: an adder (heavily wounded)
You shoot a poisoned needle.
The poisoned needle closely misses the adder.
You feel sick. The adder misses you. The adder bites you but does no damage.
You take 1 damage, and have 9/18 hp.
Firing (i - inventory)
e - 24 poisoned needles (quivered)
Aim: an adder (heavily wounded)
You shoot a poisoned needle. The poisoned needle misses the adder.
The adder closely misses you.
Firing (i - inventory)
e - 23 poisoned needles (quivered)
Aim: an adder (heavily wounded)
You shoot a poisoned needle. The poisoned needle hits the adder.
The adder misses you.
Firing (i - inventory)
e - 22 poisoned needles (quivered)
Aim: an adder (moderately wounded)
You shoot a poisoned needle.
The poisoned needle closely misses the adder.
The adder barely misses you.
Firing (i - inventory)
e - 21 poisoned needles (quivered)
Aim: an adder (moderately wounded)
You shoot a poisoned needle.
The poisoned needle closely misses the adder.
You feel sick. The adder misses you.
You take 1 damage, and have 8/18 hp.
Firing (i - inventory)
e - 20 poisoned needles (quivered)
Aim: an adder (moderately wounded)
You shoot a poisoned needle. The poisoned needle hits the adder.
The adder bites you.
* * * LOW HITPOINT WARNING * * *
You take 4 damage, and have 4/18 hp.
MASSIVE DAMAGE!!
Firing (i - inventory)
e - 19 poisoned needles (quivered)
Aim: an adder (moderately wounded)
You shoot a poisoned needle. The poisoned needle hits the adder.
The adder is poisoned.
The adder bites you.
* * * LOW HITPOINT WARNING * * *
You are more poisoned.
The adder poisons you! The adder misses you.
You take 2 damage, and have 2/18 hp.
You aren't carrying any potions.
You aren't carrying any potions.
* * * LOW HITPOINT WARNING * * *
You feel sick.
You take 1 damage, and have 1/18 hp.
You die...

## ############ # .(
###..........#
#...#.###.#.....#
#.#
#...............#
#.#
....#.#.........#
#.# # #
##(....(.S####.#####
##.######.........#
#.# #@###.###.# #.#
#.###.## .# #+#
#.##.#.##.#
#.#.###.#.## .
#<##.......# .#
#.##.......##.#
##.#...........#
+...............
####.........##


You could see an adder.

Vanquished Creatures
  3 goblins
  4 hobgoblins
  2 kobolds (D:1)
  A bat (D:1)
  A frilled lizard (D:1)
  2 rats (D:1)
13 creatures vanquished.

Notes
Turn   | Place    | Note
-------+----------+-------------------------------------------
     0 | D:1      | mhoghedin the Kobold Assassin began the quest for the Orb.
     0 | D:1      | Reached XP level 1. HP: 12/12 MP: 1/1
   417 | D:1      | Reached XP level 2. HP: 18/18 MP: 2/2
   844 | D:2      | Reached skill level 3 in Short Blades
  1131 | D:2      | HP: 4/18 [adder (4)]
  1133 | D:2      | HP: 1/18 [poisoned by an adder]
  1135 | D:2      | Succumbed to an adder's poison

Vault maps used:
D:1:      shiori_arrival_maze, serial_forest, infiniplex_forest_lined_3,
          infiniplex_forest_lined_2, infiniplex_forest_zigzag_1,
          infiniplex_forest_clump_double, infiniplex_forest_straight_2,
          infiniplex_forest_side_room, grunt_decor_one_mirror, dk_noncrumbling_2
D:2:      gammafunk_temple_overflow_elements, first_ration

Skill      XL: |  1  2 |
---------------+-------+-----
Short Blades   | 3 |  3.0
Fighting       | |  2.4
Throwing       | |  2.4
Dodging        | |  1.6
Stealth        | |  5.5

Action                   || total
-------------------------++-------
Melee: Dagger            ||    34
 Fire: Blowgun           ||    11
  Use: Potion            ||     4
       Scroll            ||     3
 Stab: Sleeping          ||     7
Armor: Robe              ||     2
Dodge: Dodged            ||    22

Table legend:
 A = Non-vault XP
 B = Vault XP
 C = Vault XP percentage of total XP
 D = Non-vault monster count
 E = Vault monster count
 F = Vault count percentage of total count
                 A         B        C        D         E       F
            +---------+---------+-------+---------+---------+-------
      Total |      18 |       2 |  10.0 |      11 |       2 |  15.4
            +---------+---------+-------+---------+---------+-------
        D:1 |      13 |       2 |  13.3 |       8 |       2 |  20.0
        D:2 |       5 |       0 |   0.0 |       3 |       0 |   0.0
            +---------+---------+-------+---------+---------+-------

Vault maps used:
D:1:      shiori_arrival_maze, serial_forest, infiniplex_forest_lined_3,
          infiniplex_forest_lined_2, infiniplex_forest_zigzag_1,
          infiniplex_forest_clump_double, infiniplex_forest_straight_2,
          infiniplex_forest_side_room, grunt_decor_one_mirror, dk_noncrumbling_2
D:2:      gammafunk_temple_overflow_elements, first_ration

Table legend:
 A = Turns spent in this place as a percentage of turns spent in the entire game.
 B = Non-inter-level travel turns spent in this place as a percentage of non-inter-level travel turns spent in the entire game.
 C = Inter-level travel turns spent in this place as a percentage of turns spent in this place.
 D = Turns resting spent in this place as a percentage of non-inter-level travel turns spent in this place.
 E = Turns spent auto-exploring this place as a percentage of non-inter-level travel turns spent in this place.
 F = Non-inter-level travel turns spent in this place divided by the number of levels of this place that you've seen.
                   A       B       C       D       E      F
               +-------+-------+-------+-------+-------+----------------------
         Total | 100.0 | 100.0 |   1.1 |  18.4 |  70.1 | 561.5
       Dungeon | 100.0 | 100.0 |   1.1 |  18.4 |  70.1 | 561.5
               +-------+-------+-------+-------+-------+----------------------

Table legend:
 A = Kills in this place as a percentage of kills in entire the game.
 B = Kills by you in this place as a percentage of kills by you in the entire game.
 C = Kills by friends in this place as a percentage of kills by friends in the entire game.
 D = Other kills in this place as a percentage of other kills in the entire game.
 E = Experience gained in this place as a percentage of experience gained in the entire game.
 F = Experience gained in this place divided by the number of levels of this place that you have seen.
                   A       B       C       D       E      F
               +-------+-------+-------+-------+-------+----------------------
         Total | 100.0 | 100.0 |   N/A |   N/A | 100.0 |  10.0
       Dungeon | 100.0 | 100.0 |   N/A |   N/A | 100.0 |  10.0
               +-------+-------+-------+-------+-------+----------------------
